 Dungeon Crawl Stone Soup version 0.23-a0-119-ga86c9e7 (webtiles) character file.

59646 emperorscorpion the Phalangite (level 14, -21/114 HPs)
             Began as a Merfolk Berserker on Aug 24, 2018.
             Was a High Priest of Trog.
             Killed from afar by a fire dragon (34 damage)
             ... with a blast of flame
             ... on level 1 of the Depths.
             The game lasted 00:34:28 (15773 turns).

emperorscorpion the Phalangite (Merfolk Berserker) Turns: 15773, Time: 00:34:28

Health: -21/114    AC: 24    Str: 20    XL:     14   Next: 95%
Magic:  0/14       EV: 17    Int:  9    God:    Trog [*****.]
Gold:   735        SH:  0    Dex: 20    Spells: 13/13 levels left

rFire    . . .     SeeInvis .   a - +3 bardiche of Vueharyco {protect, Stlth+}
rCold    . . .     Gourm    .   (shield currently unavailable)
rNeg     . . .     Faith    .   H - +1 scale mail {MR+}
rPois    .         Spirit   +   I - +0 helmet of Gestures {rElec Regen+ Int+3}
rElec    +         Reflect  .   g - +0 cloak
rCorr    .         Harm     .   x - +1 pair of gloves
MR       ++...                  (no boots)
Stlth    +++.......             W - amulet of guardian spirit
HPRegen  0.69/turn              X - +4 ring of dexterity
MPRegen  0.14/turn              z - +4 ring of protection

@: lethally poisoned (-21 -> -22), protection aura, berserk cooldown, slowed,
very slow
A: change form in water, swift swim, stealthy swim
a: Berserk, Trog's Hand, Brothers in Arms, Renounce Religion


You were on level 1 of the Depths.
You worshipped Trog.
Trog was extremely pleased with you.
You were near starving.

You visited 2 branches of the dungeon, and saw 16 of its levels.
You also visited: Sewer and Bailey.

You collected 1192 gold pieces.
You spent 457 gold pieces at shops.

Inventory:

Hand Weapons
 a - the +3 bardiche of Vueharyco (weapon) {protect, Stlth+}
   (You acquired it on level 7 of the Dungeon)

   It protects the one who uses it against injury (+AC on strike).
   It makes you more stealthy.
 b - a -2 trident
 L - a +0 blowgun
Missiles
 e - 54 poisoned needles
 m - 2 throwing nets (quivered)
 p - 22 tomahawks
 t - 3 javelins of returning
Armour
 g - a +0 cloak (worn)
 j - a +0 buckler
 x - a +1 pair of gloves (worn)
 A - a +0 troll leather armour {Purgy}
 H - a +1 scale mail of magic resistance (worn)
 I - the +0 helmet of Gestures (worn) {rElec Regen+ Int+3}
   (You bought it in a shop on level 8 of the Dungeon)

   It affects your intelligence (+3).
   It insulates you from electricity.
   It increases your rate of regeneration.
 P - the +1 ring mail of the Abyss {rN+++ Int+4 Slay-4 SInv}
   (You found it on level 14 of the Dungeon)

   It affects your intelligence (+4).
   It affects your accuracy and damage with ranged weapons and melee attacks
   (-4).
   It renders you almost immune to negative energy.
   It lets you see invisible.
Jewellery
 d - an uncursed amulet of rage
 h - an uncursed ring of resist corrosion
 s - an uncursed ring of protection from cold
 z - a +4 ring of protection (right hand)
 E - a +2 ring of intelligence
 N - an uncursed ring of flight
 W - an amulet of guardian spirit (around neck)
 X - a +4 ring of dexterity (left hand)
Wands
 o - a wand of polymorph (32)
 M - a wand of flame (53)
 V - a wand of random effects (58)
Scrolls
 f - 9 scrolls of remove curse
 q - 3 scrolls of magic mapping
 r - a scroll of acquirement
 u - 8 scrolls of enchant weapon
 w - a scroll of identify
 B - 2 scrolls of fear
 C - 8 scrolls of teleportation
 R - 2 scrolls of enchant armour
 S - 2 scrolls of vulnerability
Potions
 i - 6 potions of flight
 k - 6 potions of brilliance
 l - 4 potions of heal wounds
 v - 7 potions of curing
 D - 3 potions of magic
 F - 7 potions of lignification
 G - a potion of might
 J - a potion of agility
 K - a potion of resistance {unknown}
 O - 2 potions of mutation
 Q - 3 potions of haste
 T - a potion of berserk rage {unknown}
 U - 3 potions of ambrosia
Miscellaneous
 Z - a box of beasts
Comestibles
 c - 27 rations
 n - 4 chunks of flesh


   Skills:
 + Level 11.8 Fighting
 * Level 25.9 Polearms
 + Level 5.9 Armour
 + Level 9.4 Dodging
 - Level 4.0 Stealth


You had 13 spell levels left.
You didn't know any spells.
Your spell library was empty.

Dungeon Overview and Level Annotations

Branches:
Dungeon (15/15)            Temple (0/1) D:5            Lair (0/6) D:11
    Orc (0/2) D:11         Vaults (0/5) D:13         Depths (1/5) D:15

Altars:
Ashenzari
Dithmenos
Hepliaklqana
Kikubaaqudgha
Ru
Sif Muna
Uskayaw
Vehumet
Xom

Shops:
D:8 [[   D:10 %   D:13 (*=%   D:14 !


Message History

The hell knight is lightly wounded.
You feel sick. The hell knight closely misses you.
The fire dragon breathes flames at you.
The blast of flame hits the hell knight.
The hell knight completely resists.
The blast of flame hits you! The hell knight casts a spell at you.
The bolt of fire hits the hell knight.
The hell knight completely resists.
The bolt of fire hits you!
* * * LOW HITPOINT WARNING * * *
Your iron troll goes berserk!
You are near starving!
You feel sick.
The hell knight hits you with a battleaxe of flaming!
* * * LOW HITPOINT WARNING * * *
The hell knight burns you.
* * * LOW HITPOINT WARNING * * *
The fire dragon breathes flames at you.
The blast of flame hits the hell knight.
The hell knight completely resists.
The blast of flame hits you!
You die...

................
................
................
................
................
.[.............#
......pD<.....#
#.####p#######
#@# #...# ##.T#
++#


You could see a fire dragon, 2 hell knights and a friendly iron troll (berserk).

Vanquished Creatures
  Gastronok (D:12)
  Frances (D:12)
  A dire elephant (D:15)
  A fire dragon (D:15)
  A great orb of eyes (D:15)
  2 hydras
  An ice dragon (Depths:1)
  7 two-headed ogres
  A catoblepas (D:14)
  A centaur warrior (D:15)
  A death knight (D:15)
  2 tengu warriors (D:15)
  Nergalle (D:12)
  A hell knight (Depths:1)
  5 skeletal warriors
  A fire crab (shapeshifter) (D:13)
  2 unseen horrors
  A deep troll (D:13)
  9 deep elf magi
  A phantasmal warrior (D:13)
  An orc knight (D:15)
  19 ugly things
  4 manticores
  A salamander (D:15)
  An orc sorcerer (D:15)
  3 cyclopes
  2 rust devils (D:9)
  3 gargoyles (D:13)
  3 komodo dragons
  A tengu conjurer (D:15)
  A troll (D:10)
  Prince Ribbit (D:8)
  10 slime creatures
  A dream sheep (shapeshifter) (D:13)
  A hippogriff (D:14)
  A meliai zombie (D:10)
  3 wraiths
  22 yaks
  A human (D:8)
  3 hogs (D:8)
  A basilisk (D:14)
  3 wyverns
  6 vampire mosquitoes
  2 hungry ghosts
  Menkaure (D:6)
  3 wargs
  2 soldier ants
  2 water moccasins
  Purgy (Sewer)
  2 sky beasts
  5 ice beasts
  14 orc warriors
  5 ogres
  2 black bears
  A necrophage (D:13)
  4 phantoms
  3 boggarts (D:11)
  An eye of draining (D:10)
  21 centaurs
  A crocodile (D:9)
  A big kobold (D:7)
  9 bullfrogs
  A gnoll sergeant (D:13)
  3 scorpions
  9 killer bees
  4 howler monkeys
  5 crimson imps
  4 hounds
  4 centaur zombies
  4 jellies
  2 bullfrog skeletons
  5 centaur skeletons
  6 orc priests
  11 orc wizards
  Terence (D:3)
  An iguana (D:5)
  7 worker ants
  A hound skeleton (D:7)
  A howler monkey zombie (D:10)
  3 worker ant zombies
  16 adders
  11 gnolls
  A shadow imp (D:7)
  An ooze (D:5)
  An adder skeleton (D:4)
  An adder zombie (D:8)
  10 worms
  2 dart slugs
  5 leopard geckos
  40 orcs
  A ball python (Sewer)
  8 bats
  8 giant cockroaches
  10 goblins
  10 hobgoblins
  15 jackals
  15 kobolds
  4 quokkas
  10 frilled lizards
  A leopard gecko skeleton (D:5)
  10 rats
465 creatures vanquished.

Vanquished Creatures (collateral kills)
  Rupert (D:12)
  A deep elf knight (Bailey)
  A deep elf mage (D:12)
3 creatures vanquished.

Vanquished Creatures (others)
  A deep elf mage (Bailey)
  A plant (D:11)
2 creatures vanquished.

Grand Total: 470 creatures vanquished

Notes
Turn   | Place    | Note
-------+----------+-------------------------------------------
     0 | D:1      | emperorscorpion the Merfolk Berserker began the quest for the Orb.
     0 | D:1      | Reached XP level 1. HP: 18/18 MP: 1/1
    46 | D:1      | Reached XP level 2. HP: 24/24 MP: 2/2
   359 | D:1      | Reached skill level 5 in Polearms
   409 | D:1      | Reached XP level 3. HP: 30/30 MP: 3/3
   666 | D:1      | Reached ** piety under Trog
  1125 | D:2      | Reached XP level 4. HP: 37/37 MP: 4/4
  1347 | D:2      | Reached skill level 6 in Polearms
  1457 | D:2      | Reached XP level 5. HP: 42/42 MP: 5/5
  1987 | D:2      | Reached skill level 1 in Stealth
  2209 | D:2      | Reached *** piety under Trog
  2447 | D:3      | Noticed Terence
  2454 | D:3      | Killed Terence
  2454 | D:3      | Reached skill level 7 in Polearms
  2482 | D:3      | Reached XP level 6. HP: 46/49 MP: 6/6
  3387 | D:4      | Reached skill level 8 in Polearms
  3387 | D:4      | Reached XP level 7. HP: 55/55 MP: 7/7
  3501 | D:4      | Found a glowing drain.
  3511 | Sewer    | Entered a sewer
  3595 | Sewer    | Noticed Purgy
  3612 | Sewer    | Killed Purgy
  3911 | D:4      | Reached skill level 5 in Fighting
  3911 | D:4      | Reached skill level 9 in Polearms
  4435 | D:5      | Entered Level 5 of the Dungeon
  4478 | D:5      | Reached **** piety under Trog
  4673 | D:5      | Reached skill level 5 in Dodging
  4673 | D:5      | Reached XP level 8. HP: 62/62 MP: 8/8
  4710 | D:5      | Found an ancient bone altar of Kikubaaqudgha.
  4728 | D:5      | Found a deep blue altar of Sif Muna.
  4730 | D:5      | Found a radiant altar of Vehumet.
  4799 | D:5      | Found a staircase to the Ecumenical Temple.
  4812 | D:5      | Found a deep blue altar of Sif Muna.
  5264 | D:6      | Reached skill level 10 in Polearms
  5419 | D:6      | Noticed Menkaure
  5432 | D:6      | Killed Menkaure
  5827 | D:7      | Reached skill level 11 in Polearms
  5902 | D:7      | Found a shattered altar of Ashenzari.
  5952 | D:7      | Reached XP level 9. HP: 67/69 MP: 9/9
  6007 | D:7      | Reached skill level 12 in Polearms
  6078 | D:7      | Found a shadowy altar of Dithmenos.
  6078 | D:7      | Found a hide-covered altar of Uskayaw.
  6115 | D:7      | Identified a scroll of acquirement
  6116 | D:7      | Got a smoking bardiche
  6117 | D:7      | Identified the +3 bardiche of Vueharyco {protect, Stlth+} (You acquired it on level 7 of the Dungeon)
  6238 | D:7      | Reached ***** piety under Trog
  6546 | D:8      | Found Sarou's Antique Armour Emporium.
  6550 | D:8      | Bought a faintly humming helmet for 275 gold pieces
  6555 | D:8      | Identified the cursed +0 helmet of Gestures {rElec Regen+ Int+3} (You bought it in a shop on level 8 of the Dungeon)
  6566 | D:8      | Reached skill level 13 in Polearms
  6625 | D:8      | Found a hazy altar of Hepliaklqana.
  6774 | D:8      | Got a brightly glowing mace
  6776 | D:8      | Identified the +2 mace "Jaloun" {holy, Dex+5} (You found it on level 8 of the Dungeon)
  6877 | D:8      | Noticed Prince Ribbit
  6886 | D:8      | Killed Prince Ribbit
  6944 | D:8      | Reached skill level 14 in Polearms
  6951 | D:8      | Reached XP level 10. HP: 68/79 MP: 10/10
  7045 | D:8      | Found a shimmering altar of Xom.
  7045 | D:8      | Found a shimmering altar of Xom.
  7045 | D:8      | Found a shimmering altar of Xom.
  7046 | D:8      | Found a shimmering altar of Xom.
  7047 | D:8      | Found a shimmering altar of Xom.
  7048 | D:8      | Found a shimmering altar of Xom.
  7058 | D:8      | Found a shimmering altar of Xom.
  7085 | D:8      | Found Toenan's Armour Boutique.
  7323 | D:9      | Reached skill level 15 in Polearms
  7379 | D:9      | Found a sacrificial altar of Ru.
  7529 | D:9      | Received a gift from Trog
  7544 | D:9      | Noticed a two-headed ogre
  7552 | D:9      | Killed a two-headed ogre
  7552 | D:9      | Reached skill level 16 in Polearms
  7609 | D:9      | Found a flagged portal.
  7609 | D:9      | Noticed a two-headed ogre
  7625 | Bailey   | Entered a bailey
  7630 | Bailey   | Noticed a deep elf mage
  7636 | Bailey   | Killed a deep elf mage
  7664 | Bailey   | Noticed a deep elf mage
  7681 | Bailey   | Noticed a deep elf mage
  7681 | Bailey   | Noticed a deep elf mage
  7682 | Bailey   | Noticed a deep elf mage
  7685 | Bailey   | Killed a deep elf mage
  7685 | Bailey   | Noticed a deep elf mage
  7685 | Bailey   | Noticed a deep elf mage
  7687 | Bailey   | Killed a deep elf mage
  7687 | Bailey   | Reached skill level 17 in Polearms
  7690 | Bailey   | Killed a deep elf mage
  7690 | Bailey   | Reached XP level 11. HP: 86/86 MP: 11/11
  7692 | Bailey   | Killed a deep elf mage
  7693 | Bailey   | Killed a deep elf mage
  7697 | Bailey   | Killed a deep elf mage
  7804 | Bailey   | Noticed a deep elf knight
  7813 | Bailey   | Killed a deep elf knight
  7813 | Bailey   | Reached skill level 18 in Polearms
  7907 | Bailey   | Noticed a deep elf mage
  7919 | Bailey   | Killed a deep elf mage
  8288 | D:9      | Killed a two-headed ogre
  8568 | D:9      | Reached skill level 19 in Polearms
  8639 | D:10     | Entered Level 10 of the Dungeon
  8674 | D:10     | Found Safiozxa's Food Shoppe.
  8677 | D:10     | Received a gift from Trog
  8729 | D:10     | Noticed a manticore
  8915 | D:10     | Noticed a two-headed ogre
  8936 | D:10     | Killed a two-headed ogre
  8937 | D:10     | Killed an unseen horror
  9110 | D:10     | Killed a manticore
  9133 | D:10     | Reached XP level 12. HP: 92/94 MP: 12/12
  9144 | D:10     | Reached skill level 20 in Polearms
  9152 | D:10     | HP: 2/95 [yak (5)]
  9808 | D:11     | Found a staircase to the Orcish Mines.
 10185 | D:11     | Found a staircase to the Lair.
 10681 | D:12     | Noticed Frances
 10681 | D:12     | Noticed Rupert
 10682 | D:12     | Paralysed by Rupert for 7 turns
 10733 | D:12     | Reached skill level 21 in Polearms
 10771 | D:12     | Noticed a five-headed hydra
 10785 | D:12     | Noticed Nergalle
 10792 | D:12     | Killed a five-headed hydra
 10808 | D:12     | Killed Nergalle
 10951 | D:12     | Reached skill level 5 in Armour
 11182 | D:12     | Killed Frances
 11182 | D:12     | Reached skill level 22 in Polearms
 11182 | D:12     | Reached XP level 13. HP: 94/103 MP: 13/13
 11251 | D:12     | Killed Rupert
 11251 | D:12     | Reached skill level 10 in Fighting
 11536 | D:12     | Noticed Gastronok
 11548 | D:12     | Killed Gastronok
 11858 | D:13     | Found Jijeoz's Weapon Shop.
 11902 | D:13     | Found Lajusour's Food Shoppe.
 12150 | D:13     | Found Oreemias's Jewellery Boutique.
 12258 | D:13     | Reached skill level 23 in Polearms
 12357 | D:13     | Found a gate to the Vaults.
 12479 | D:13     | Found Xekhlam's Assorted Antiques.
 12494 | D:13     | Bought a golden potion for 27 gold pieces
 12494 | D:13     | Bought a scroll of teleportation for 93 gold pieces
 12494 | D:13     | Bought a scroll of identify for 62 gold pieces
 12601 | D:13     | Received a gift from Trog
 12660 | D:13     | Found a sacrificial altar of Ru.
 13578 | D:14     | Reached skill level 24 in Polearms
 13735 | D:14     | Reached XP level 14. HP: 98/111 MP: 12/14
 13929 | D:14     | Got a spiked ring mail
 13940 | D:14     | Identified the +1 ring mail of the Abyss {rN+++ Int+4 Slay-4 SInv} (You found it on level 14 of the Dungeon)
 14086 | D:14     | Found Foobo's Distillery.
 14343 | D:15     | Entered Level 15 of the Dungeon
 14506 | D:15     | Paralysed by a great orb of eyes for 4 turns
 14736 | D:15     | Reached skill level 25 in Polearms
 15332 | D:15     | Noticed a dire elephant
 15343 | D:15     | Killed a dire elephant
 15393 | D:15     | Found a staircase to the Depths.
 15731 | Depths:1 | Entered Level 1 of the Depths
 15757 | Depths:1 | Received a gift from Trog
 15773 | Depths:1 | Killed from afar by a fire dragon

Vault maps used:
D:1:      dpeg_arrival_three_smaller_balls
D:2:      first_ration, serial_park_tiny_1
D:3:      uniq_terence
D:4:      cheibrodos_sewer_entry_sluice, minmay_strange_pillars
D:5:      grunt_temple_overflow_magic_moments, minmay_temple_entry_hall,
          lemuel_tele_altar
D:6:      hangedman_decor_opposing, uniq_menkaure
D:7:      ashenzari_conservatory_becter, gammafunk_temple_overflow_pools
D:8:      cheibrodos_iron_armory, old_standard_altar, xom_shifter_show,
          serial_shops, kennysheep_mini_moat, shop, grunt_livestock,
          uniq_prince_ribbit1
D:9:      lemuel_round_altar, enter_bailey_8
D:10:     serial_shops, shop
D:11:     david_lair_shrubbed, erik_orc_3
D:12:     uniq_frances, uniq_rupert, uniq_nergalle, uniq_gastronok
D:13:     david_vaults_4, serial_shops, shop, kennysheep_mini, shop_coins, shop,
          nicolae_ru_path_of_blood
D:14:     serial_shops, shop, nicolae_wwwww
D:15:     hangedman_depths_entry_try_elsewhere_first
Depths:1: pf_hell_entry_tar_river, abyss_entry_small_statue_room,
          minmay_misc_feat_rugged, infiniplex_enter_wizlab_glasses,
          rand_demon_pan_entry_9, minmay_misc_feat_x,
          serial_sigils_hangedman_carve, hangedman_corner_corridor
Sewer:    sewer_co_purgy_island
Bailey:   bailey_polearm_3, bailey

Skill      XL: |  1  2  3  4  5  6  7  8  9 10 11 12 13 14 |
---------------+-------------------------------------------+-----
Polearms       | 5 6 7 8 9 11 14 17 19 22 24 25 | 25.9
Dodging        | 3 4 5 6 7 8 9 |  9.4
Fighting       | 4 5 6 7 8 9 10 11 | 11.8
Stealth        | 1 2 3 4 |  4.0
Armour         | 2 3 4 5 |  5.9

Action                   |  1- 3 |  4- 6 |  7- 9 | 10-12 | 13-15 || total
-------------------------+-------+-------+-------+-------+-------++-------
Melee: Spear             |   125 |    16 |       |       |       ||   141
       Halberd           |       |   161 |   210 |       |       ||   371
       Tailslap          |       |       |     2 |       |     2 ||     4
       Bardiche          |       |       |    80 |   434 |   527 ||  1041
       Trident           |       |       |       |    27 |       ||    27
Invok: Berserk           |     4 |     6 |     9 |    13 |    12 ||    44
       Brothers in Arms  |       |       |       |     1 |     2 ||     3
       Trog's Hand       |       |       |       |     1 |     2 ||     3
  Use: Scroll            |       |     9 |     5 |    11 |     6 ||    31
 Stab: Sleeping          |       |    12 |     5 |     5 |    10 ||    32
       Distracted        |       |       |     1 |     4 |     1 ||     6
  Eat: Chunk             |     4 |    12 |    17 |    28 |    22 ||    83
       Ration            |       |       |     1 |       |     1 ||     2
Armor: Animal skin       |    11 |    17 |       |       |       ||    28
       Ring mail         |       |     3 |   113 |   184 |    86 ||   386
       Scale mail        |       |       |       |       |   125 ||   125
Dodge: Dodged            |    67 |    73 |   198 |   342 |   349 ||  1029

Table legend:
 A = Non-vault XP
 B = Vault XP
 C = Vault XP percentage of total XP
 D = Non-vault monster count
 E = Vault monster count
 F = Vault count percentage of total count
                 A         B        C        D         E       F
            +---------+---------+-------+---------+---------+-------
      Total |   66180 |   19029 |  22.3 |     412 |      56 |  12.0
            +---------+---------+-------+---------+---------+-------
        D:1 |      59 |       0 |   0.0 |      33 |       0 |   0.0
        D:2 |     217 |       0 |   0.0 |      34 |       0 |   0.0
        D:3 |     171 |      36 |  17.4 |      29 |       1 |   3.3
        D:4 |     394 |      10 |   2.5 |      13 |       2 |  13.3
        D:5 |     173 |       0 |   0.0 |       6 |       0 |   0.0
        D:6 |     389 |     175 |  31.0 |      18 |       1 |   5.3
        D:7 |    1693 |       0 |   0.0 |      30 |       0 |   0.0
        D:8 |     292 |    1561 |  84.2 |       4 |       8 |  66.7
        D:9 |    4015 |     927 |  18.8 |      32 |       2 |   5.9
       D:10 |    6072 |       0 |   0.0 |      37 |       0 |   0.0
       D:11 |    2186 |     757 |  25.7 |      16 |      15 |  48.4
       D:12 |    7383 |    6737 |  47.7 |      38 |       4 |   9.5
       D:13 |    5406 |    1606 |  22.9 |      30 |       3 |   9.1
       D:14 |   12824 |       0 |   0.0 |      38 |       0 |   0.0
       D:15 |   19753 |    2555 |  11.5 |      46 |       4 |   8.0
   Depths:1 |    5153 |       0 |   0.0 |       8 |       0 |   0.0
      Sewer |       0 |     162 | 100.0 |       0 |       8 | 100.0
     Bailey |       0 |    4503 | 100.0 |       0 |       8 | 100.0
            +---------+---------+-------+---------+---------+-------
